[Event "1000 GM Labor Day Super Swiss 2024"]
[Site "San Jose"]
[Date "2024.09.03"]
[Round "8.10"]
[White "Wu, Derek"]
[Black "Piasetski, Leon"]
[Result "0-1"]
[Annotator "TA"]
[ECO "C02"]
[WhiteElo "2278"]
[BlackElo "2167"]
[PlyCount "68"]
[EventDate "2024.08.30"]
[EventType "swiss"]
[EventCountry "USA"]
[SourceTitle "playchess.com"]
[Source "ChessBase"]
[SourceQuality "1"]
[TimeControl "5400+30"]

1. e4 e6 2. d4 d5 3. e5 c5 4. c3 Nc6 5. Nf3 Bd7 6. Be2 f6 7. O-O fxe5 8. Nxe5 Nxe5 9. dxe5 Qc7 10. Re1 O-O-O 11. Bf4 Ne7 12. Bf1 (12. Bd3 $11) 12... Ng6 (12... h6 $17) 13. Bg3 Be7 14. a4 (14. c4 $11 d4 15. Nd2) 14... h5 $1 $15 {[%emt 0:08:03] Threatens to win with ...h4.} 15. h3 Nh4 16. c4 d4 17. Nd2 Bc6 {[%emt 0:05:33] Black is more active.} (17... Nf5 $17 {Hoping for ...Nxg3.} 18. Ra3 Kb8) 18. Ne4 Bxe4 19. Bxh4 (19. Rxe4 $11 Nf5 20. Bh2) 19... Bxh4 (19... Bc6 $17 20. Bxe7 Qxe7) 20. Rxe4 $11 Be7 21. Bd3 Rdf8 22. a5 a6 23. Re2 g5 24. Be4 {[%emt 0:01:51] Prevents g4.} g4 {[%emt 0:00:46] [#]} (24... Rf7 $11 {remains equal.}) 25. Ra3 $1 $16 Rf4 (25... Qxe5 $2 26. Bxb7+ Kxb7 27. Rxe5 $18) 26. Rb3 Rxe4 27. Rxe4 Bd8 28. hxg4 ({Better is} 28. Qe2 $16) 28... Qh7 $15 29. Qd3 $2 {[%emt 0:08:10][%mdl 8192] Now White is beyond hope.} (29. f3 $15) 29... hxg4 $19 (29... Bxa5 $2 30. g5 Qf5 31. g6 $18) 30. Kf1 Qh1+ 31. Ke2 Qxg2 {[%emt 0:00:12][%cal Oh8h3] Strongly threatening ...Rh3!} 32. Rf4 {[%emt 0:07:57] [#]} Rh1 $1 {[%emt 0:04:34] ( -> ...Qf1+)} ({Stronger than} 32... Bxa5 33. Qe4 Qxe4+ 34. Rxe4 $11) (32... Rh3 33. Qg6 Rxb3 34. Qxe6+ Kb8 35. Qd6+ Ka7 36. Qxc5+ Kb8 37. Qd6+ Kc8 38. Qe6+ Kb8 39. Qd6+ Kc8 40. Qe6+ Kb8 41. Qd6+ $11) 33. Kd2 Bg5 34. Qg3 Qe4 {[%emt 0:01:28] Weighted Error Value: White=0.59/Black=0.22 (precise) .  Loses game:     	White=1     	---        Mistake:       	White=4     	Black=4      Inaccurate:     	White=4     	Black=1      OK:         	White=3     	Black=5      Best:        	White=2     	Black=4      Strong:       	White=1     	Black=1} ({Inferior is} 34... Bxf4+ 35. Qxf4 Qc6 36. Qf8+ Kc7 37. Rg3 $11) 0-1

[Event "1000 GM Labor Day Super Swiss 2024"]
[Site "San Jose"]
[Date "2024.09.03"]
[Round "8.11"]
[White "Tang, Dylan"]
[Black "Garduno Huerta, Joshua Emiliano"]
[Result "1/2-1/2"]
[Annotator "TA"]
[ECO "C60"]
[WhiteElo "2092"]
[BlackElo "2056"]
[PlyCount "68"]
[EventDate "2024.08.30"]
[EventType "swiss"]
[EventCountry "USA"]
[SourceTitle "playchess.com"]
[Source "ChessBase"]
[SourceQuality "1"]
[TimeControl "5400+30"]

1. e4 e5 2. Nf3 Nc6 3. Bb5 Nge7 4. c3 g6 5. d4 exd4 6. cxd4 {[%emt 0:00:23] d5 would now be deadly.} a6 7. Ba4 {[%emt 0:01:03] aiming for d5.} b5 8. Bb3 Bg7 {[%emt 0:00:09] White is slightly better.} 9. O-O O-O 10. d5 Na5 11. Bd2 Nxb3 12. Qxb3 c5 13. Bc3 $36 {[%emt 0:11:07][%mdl 2048] Black is under pressure.} d6 14. a4 Bd7 15. Bxg7 Kxg7 16. Nc3 Qb6 17. Nd2 Rfb8 (17... Rae8 $11) 18. axb5 $14 Bxb5 19. Nxb5 Qxb5 20. Qc3+ f6 21. Nc4 Nc8 22. Ra3 {[%emt 0:01:31] Prevents Qb3. White has more active pieces.} Ra7 (22... a5 $16 {might work better.}) 23. Rfa1 Qb4 24. f3 (24. Rxa6 $2 Rxa6 25. Rc1 Qxc3 26. bxc3 Ra4 $19) 24... Nb6 {[%emt 0:04:13] [#]} (24... a5 $16 25. Rxa5 (25. Nxa5 Qxb2 26. Qxb2 Rxb2 $14) 25... Rxa5 26. Rxa5 Kf7) 25. Rb3 $1 $18 (25. Rxa6 $2 {too greedy.} Rxa6 26. Rxa6 Nxc4 $19 (26... Qxc4 $2 27. Ra7+ Kh6 28. Qe3+ g5 29. h4 $19) (26... Qxc3 $2 27. bxc3 Nxc4 28. g3 $19)) (25. Nxd6 Rd7 $16) 25... Nxc4 26. Rxb4 Rxb4 {[%emt 0:00:03] [#]} 27. b3 (27. f4 $1 $18) 27... Ne5 $16 28. Ra4 a5 29. f4 Nf7 30. h4 {[%emt 0:03:34] Strongly threatening g4. White is better.} Re7 31. Qd3 {[%emt 0:01:02] Hoping for Rxb4.} ({Much worse is} 31. Rxa5 $6 Rbxe4 32. Ra4 Re3 $11) 31... Reb7 {[%emt 0:00:50][%cal Oc5c4] Threatens to win with ...c4!} 32. Rxb4 ({Much weaker is} 32. Rxa5 $6 Rxb3 33. Qc2 Rb2 $11) 32... Rxb4 33. Kf2 a4 34. bxa4 Rxa4 {[%emt 0:00:30] Weighted Error Value: White=0.16 (very precise) /Black=0.19 (very precise) .  Mistake:       	White=1     	Black=3      Inaccurate:     	White=2     	Black=1      OK:         	White=12    	Black=9      Best:        	---       	Black=3      Strong:       	White=1     	---} 1/2-1/2

[Event "1000 GM Labor Day Super Swiss 2024"]
[Site "San Jose"]
[Date "2024.09.03"]
[Round "8.12"]
[White "Montes Orozco, Miguel Angel"]
[Black "Gui, Suyuan"]
[Result "1-0"]
[Annotator "TA"]
[ECO "D97"]
[WhiteElo "2155"]
[BlackElo "2033"]
[PlyCount "84"]
[EventDate "2024.08.30"]
[EventType "swiss"]
[EventCountry "USA"]
[SourceTitle "playchess.com"]
[Source "ChessBase"]
[SourceQuality "1"]
[TimeControl "5400+30"]

1. Nf3 Nf6 2. d4 g6 3. c4 Bg7 4. Nc3 d5 5. Qb3 dxc4 6. Qxc4 O-O 7. e4 Nc6 8. Be2 e5 9. d5 (9. Nxe5 Nxd4 10. O-O Nxe4 11. Nxe4 Be6 $17 (11... Bxe5 12. Bg5 $17)) 9... Nd4 10. Nxd4 (10. Nxe5 $2 Nc2+ 11. Kd1 Nxa1 $19) 10... exd4 {[%emt 0:00:05] White is slightly better.} 11. Qxd4 c6 12. Qc4 b5 13. Qxc6 Bd7 14. Qd6 Re8 15. f3 ({Of course not} 15. Bxb5 Nxe4 16. Qxd7 Nf6+ $15 (16... Nxc3+ $2 {too greedy.} 17. Qxe8+ Qxe8+ 18. Bxe8 $18) (16... Bxc3+ 17. bxc3 Nf6+ 18. Qxe8+ Nxe8 19. Bc6 $16) (16... Nxc3+ $2 17. Qxe8+ Qxe8+ 18. Bxe8 $18) (16... Bxc3+ 17. bxc3 Nf6+ 18. Qxe8+ Nxe8 19. Bc6 $16)) 15... Nh5 $1 {[%emt 0:00:10] Strongly threatening ...Be5.} 16. g3 ({Reject} 16. Nxb5 a6 17. Nc7 Be5 18. Nxe8 Bxd6 19. Nxd6 Qh4+ 20. Kf1 Ng3+ 21. hxg3 Qxh1+ 22. Kf2 h5 $17) (16. Be3 $5) 16... Qc8 (16... f5 $1 $11 {remains equal.}) 17. Nxb5 {[%emt 0:23:59] And now Qc7 would win.} a6 (17... f5 $1 $14) 18. Nc7 $16 Be5 19. Nxe8 Bxd6 20. Nxd6 Qc2 (20... Qb8 $16 21. Nc4 Bb5) 21. Be3 $1 $18 f5 {[%emt 0:05:52] [#]} 22. Nc4 $1 fxe4 23. Rc1 Qa4 24. fxe4 {[%emt 0:00:09] 0-0 is the strong threat.} Bh3 {[%emt 0:03:56] [#]} 25. b3 ({White should try} 25. e5 $1) 25... Qe8 (25... Qxa2 $16 26. d6 Qxb3) 26. Bf3 Rd8 (26... Qf7 {might work better.} 27. Ke2 Nf6) 27. e5 Ng7 28. Kd2 Be6 29. Nd6 {[%emt 0:00:29] Dodges Qf7} Qf8 30. Rhf1 Bh3 {[%emt 0:00:39] [#]} (30... Nf5 {is more resistant.}) 31. Bg2 $1 {[%emt 0:01:06][%mdl 512] White is clearly winning.} Qe7 (31... Bf5 32. Bc5) 32. Bxh3 Qxe5 33. Nc4 Qxd5+ 34. Kc3 Qh5 35. Bb6 Rb8 36. Bc7 Rb7 37. Bd6 Nf5 38. Bxf5 gxf5 39. Rc2 Rf7 40. Kb2 h6 41. Rd2 Kh7 42. Re1 Qf3 {[%emt 0:01:18] Weighted Error Value: White=0.24 (precise) /Black=0.44.  Mistake:       	White=1     	Black=6      Inaccurate:     	White=1     	---        OK:         	White=13    	Black=9      Best:        	White=2     	Black=2      Strong:       	White=2     	Black=1      Brilliant:      	White=1     	---} 1-0

[Event "1000 GM Labor Day Super Swiss 2024"]
[Site "San Jose"]
[Date "2024.09.03"]
[Round "8.13"]
[White "Zuluaga Mancilla, Cesar"]
[Black "Bhatta, Rohit"]
[Result "1-0"]
[Annotator "TA"]
[ECO "D02"]
[WhiteElo "2166"]
[BlackElo "2025"]
[PlyCount "67"]
[EventDate "2024.08.30"]
[EventType "swiss"]
[EventCountry "USA"]
[SourceTitle "playchess.com"]
[Source "ChessBase"]
[SourceQuality "1"]
[TimeControl "5400+30"]

1. d4 Nf6 2. Nf3 d5 3. Bf4 c5 4. e3 Nc6 5. c3 Qb6 6. Qb3 c4 7. Qc2 Bf5 8. Qc1 h6 9. Nbd2 e6 10. Be2 Be7 11. Ne5 Nxe5 {[%emt 0:02:28] The position is equal.} 12. Bxe5 O-O 13. O-O Bd6 (13... Qc6 $11) 14. Bxf6 $14 gxf6 {[%emt 0:00:31] [#]} 15. e4 $1 Bg6 16. exd5 exd5 17. Bf3 Qc6 18. Re1 $36 {[%emt 0:00:08][%mdl 2048] White is more active.} Bd3 (18... f5 $1 $14) 19. Nf1 $16 Bxf1 (19... Kg7 $16) 20. Kxf1 $18 Kg7 21. Qc2 Rfd8 22. Qf5 Bf8 23. Qg4+ Kh8 24. Qh5 Qd7 25. Re3 a5 $2 (25... Re8 26. Qxd5 Bd6 27. Qxb7 (27. Qxc4 Rxe3 28. fxe3 Re8 $18) 27... Qxb7 28. Bxb7 Rxe3 29. Bxa8 (29. fxe3 Rb8 $16) 29... Re8) 26. Bg4 Qc7 27. Rae1 {[%emt 0:05:30] [#] And now Bf5 would win. Black is weak on the light squares} b5 (27... Bg7 $142 28. Re7 Qf4) 28. Bf5 {[%emt 0:00:56][%cal Oe3e7] Threatens to win with Re7!} Ra7 29. Re8 Kg7 30. Qg4+ Kh8 31. Qh4 Kg7 32. R8e3 Bd6 {[%emt 0:02:28] Inhibits f4.} 33. Qg4+ Kf8 34. Bh7 {[%emt 0:00:31] White took control after the opening.   Weighted Error Value: White=0.36/Black=0.72.  Mistake:       	---       	Black=5      OK:         	White=12    	Black=7      Best:        	White=2     	Black=1} 1-0

[Event "1000 GM Labor Day Super Swiss 2024"]
[Site "San Jose"]
[Date "2024.09.03"]
[Round "8.14"]
[White "Harish, Neeraj"]
[Black "Alfaro, William"]
[Result "0-1"]
[Annotator "RC"]
[ECO "B38"]
[WhiteElo "2118"]
[BlackElo "2137"]
[PlyCount "180"]
[EventDate "2024.08.30"]
[EventType "swiss"]
[EventCountry "USA"]
[SourceTitle "playchess.com"]
[Source "ChessBase"]
[SourceQuality "1"]
[TimeControl "5400+30"]

1. e4 c5 2. Nf3 Nc6 3. d4 cxd4 4. Nxd4 g6 5. c4 Bg7 6. Be3 Nf6 7. Nc3 O-O 8. Be2 d6 9. O-O Bd7 10. h3 Nxd4 11. Bxd4 Bc6 12. Qc2 a5 13. Rad1 a4 14. c5 Qa5 15. cxd6 exd6 16. Qd3 Rfe8 17. f3 a3 18. b3 Rad8 19. b4 Qxb4 20. Rb1 Qa5 21. Bb6 Qa8 22. Bxd8 Qxd8 23. Rfd1 Nh5 24. Qd2 Be5 25. Bc4 Qa5 26. Nb5 Qb6+ 27. Nd4 Qc5 28. Rb4 Nf4 29. Kh1 Kg7 30. Bb5 Nh5 31. Rc4 Ng3+ 32. Kg1 Bxd4+ 33. Rxd4 Bxb5 34. Kh2 Nf1+ 35. Rxf1 Bxf1 36. Rxd6 Bb5 37. Rd5 Qc7+ 38. Kh1 Bc6 39. Qc3+ Kg8 40. Rd3 Qe7 41. Qa5 h5 42. Rxa3 Rd8 43. Re3 Rd1+ 44. Re1 Rxe1+ 45. Qxe1 Qe5 46. Qc1 Qd4 47. a3 Kg7 48. Kh2 Kh7 49. Qf4 Qd7 50. Qf6 Qe6 51. Qc3 Qd6+ 52. Kh1 Kg8 53. Qe3 Bd7 54. Qb3 Qc6 55. Qb4 Be6 56. Kh2 b5 57. Qe7 Bc4 58. Qd8+ Kg7 59. Qd4+ Qf6 60. Qc5 Qb2 61. Kg1 Kh7 62. Qf8 Qd2 63. Kh2 Qf2 64. Kh1 Qa2 65. Kg1 Bd3 66. Qd6 Bc4 67. Qf8 Qd2 68. Kh2 Qf4+ 69. Kh1 g5 70. Qc5 Be2 71. Kg1 Bxf3 72. gxf3 Qg3+ 73. Kh1 Qxh3+ 74. Kg1 Qg3+ 75. Kh1 Qxf3+ 76. Kg1 Qxe4 77. Qxb5 Qe3+ 78. Kh1 Qe4+ 79. Kg1 Kg6 80. a4 h4 81. a5 h3 82. Qf1 g4 83. a6 Qd4+ 84. Kh2 f5 85. Qe2 Kf6 86. Kg3 Qd6+ 87. Kh4 h2 88. Qf1 Qc6 89. Qa1+ Kg6 90. a7 h1=Q+ 0-1

[Event "1000 GM Labor Day Super Swiss 2024"]
[Site "San Jose"]
[Date "2024.09.03"]
[Round "8.15"]
[White "Gonzalez Zharikov, Andrey"]
[Black "Champsi, Imran"]
[Result "0-1"]
[Annotator "NA RC"]
[ECO "B76"]
[WhiteElo "2070"]
[BlackElo "2012"]
[PlyCount "50"]
[EventDate "2024.08.30"]
[EventType "swiss"]
[EventCountry "USA"]
[SourceTitle "playchess.com"]
[Source "ChessBase"]
[SourceQuality "1"]
[TimeControl "5400+30"]

1. e4 c5 2. Nf3 d6 3. d4 cxd4 4. Nxd4 Nf6 5. Nc3 g6 6. Be3 Bg7 7. f3 O-O 8. Qd2 Nc6 9. O-O-O d5 10. exd5 Nxd5 11. Nxc6 bxc6 12. Bd4 e5 13. Bc5 Be6 14. Ne4 Re8 15. h4 Nb6 16. Qxd8 Rexd8 17. Ba6 Rd5 18. Be7 Ra5 19. Bb7 Re8 20. Nf6+ Bxf6 21. Bxf6 Bd5 22. b3 Rb8 23. c4 Rxb7 24. cxd5 Nxd5 25. Bxe5 Rxa2 0-1